 Dungeon Crawl Stone Soup version 0.31-a0-1134-gb247575874 (webtiles) character file.

Game seed: 15934552952121317003

706389 Maratek the Invulnerable (level 27, -11/218 HPs)
             Began as a Minotaur Fighter on Dec 4, 2023.
             Was the Champion of Qazlal.
             Killed from afar by an orb of fire (25 damage)
             ... with a fireball
             ... on level 5 of the Realm of Zot on Dec 5, 2023.
             The game lasted 03:28:00 (69377 turns).

Maratek the Invulnerable (Minotaur Fighter)        Turns: 69377, Time: 03:28:01

Health: -11/218    AC: 45    Str: 42      XL:     27
Magic:  19/19      EV: 20    Int:  4 (5)  God:    Qazlal [******]
Gold:   6682       SH: 41    Dex:  8      Spells: 26/26 levels left

rFire   . . .        h - +9 broad axe (venom)
rCold   + + +        T - +5 tower shield
rNeg    + + +        R - +16 plate armour of the Jabberwock {rPois rF+}
rPois   +            j - +2 hat
rElec   +            S - +1 cloak of Starlight {*Dazzle EV+4 Stlth--}
rCorr   .            Q - +2 pair of gloves "Xizxomid" {Str+3}
SInv    .            Y - +1 pair of boots of Dogma {rN+ Regen+}
Will    +++..        N - amulet of Witaj {Reflect rC+ SH+5} Stlth
                     G - ring of Taox {rPois rN+ Will+ Slay+4}
HPRegen 0.00/turn    U - ring of Ledebi {Drain rF+ rC+ rN+ Str+8}
MPRegen 0.16/turn

%: random rage (9%), repel missiles, reflection
@: about to teleport, marked, protected from fire, on berserk cooldown,
inhibited regen, slowed, studying 4 skills, very slow
A: horns 2, retaliatory headbutt, berserk 2, clumsy 1, cold resistance 1,
deformed body, dopey 1, frail 2, low MP 1, screaming 1, electricity resistance,
inhibited regeneration, weak 1, no potion heal 1, heat vulnerability 3, subdued
magic 1, inability to drink after injury 2, inability to read after injury 2,
persistent drain
}: 4/15 runes: barnacled, slimy, silver, gossamer
a: Renounce Religion, Upheaval, Elemental Force, Disaster Area


You were on level 5 of the Realm of Zot.
You worshipped Qazlal.
Qazlal was exalted by your worship.
You visited 14 branches of the dungeon, and saw 59 of its levels.
You visited the Abyss 1 time.
You also visited: Gauntlet and Ice Cave.

You collected 10387 gold pieces.
You spent 3705 gold pieces at shops.

Inventory:

Hand Weapons
 e - the +8 mithril axe "Arga" {speed, Will+}
   (You took it off a minotaur in a Gauntlet)

   Will+:     It increases your willpower.
 h - a +9 broad axe of venom (weapon)
 p - a +6 broad axe of freezing
Armour
 a - the +9 plate armour of the Lotus Blossom {rElec rC- Str+3 Int+5}
   (You bought it in a shop on level 2 of the Dungeon)

   Str+3:     It affects your strength (+3).
   Int+5:     It affects your intelligence (+5).
   rC-:       It makes you vulnerable to cold.
   rElec:     It insulates you from electricity.
 j - a +2 hat (worn)
 Q - the +2 pair of gloves "Xizxomid" (worn) {Str+3}
   (You found it in a Gauntlet)

   Str+3:     It affects your strength (+3).
 R - the +16 plate armour of the Jabberwock (worn) {rPois rF+}
   (You took it off a minotaur in a Gauntlet)

   rF+:       It protects you from fire.
   rPois:     It protects you from poison
 S - the +1 cloak of Starlight (worn) {*Dazzle EV+4 Stlth--}
   (You found it in a Gauntlet)

   *Dazzle:   It may blind those who miss an attack against the wearer in melee
   combat.
   EV+4:      It affects your evasion (+4).
   Stlth--:   It makes you much less stealthy.
 T - a +5 tower shield (worn)
 Y - the +1 pair of boots of Dogma (worn) {rN+ Regen+}
   (You found it on level 4 of the Depths)

   rN+:       It protects you from negative energy.
   Regen+:    It increases your rate of health regeneration.
Jewellery
 s - the amulet "Folun" {*Slow Fly rC+++ Regen+ Dex+2}
   (You found it on level 5 of the Vaults)

   [amulet of regeneration]

   Dex+2:     It affects your dexterity (+2).
   rC+++:     It renders you almost immune to cold.
   Fly:       It grants you flight.
   Regen+:    It increases your rate of health regeneration.
   *Slow:     It may slow you when you take damage.
 G - the ring of Taox (left hand) {rPois rN+ Will+ Slay+4}
   (You took it off a skeletal warrior on level 11 of the Dungeon)

   [ring of slaying]

   Slay+4:    It affects your accuracy & damage with ranged weapons and melee
   (+4).
   rPois:     It protects you from poison rN+: It protects you from negative
   energy.
   Will+:     It increases your willpower.
 J - the amulet of Niur {Reflect Harm Fragile +Blink rElec SH+5}
   (You found it on level 11 of the Dungeon)

   [amulet of reflection]

   Reflect:   It reflects blocked missile attacks.
   rElec:     It insulates you from electricity.
   +Blink:    It lets you blink.
   Fragile:   It will be destroyed if unequipped.
   SH+5:      It affects your SH (+5).
   Harm:      It increases damage dealt and taken.
 N - the amulet of Witaj (around neck) {Reflect rC+ SH+5}
   (You found it on level 12 of the Dungeon)

   [amulet of reflection]

   Reflect:   It reflects blocked missile attacks.
   rC+:       It protects you from cold.
   SH+5:      It affects your SH (+5).
 U - the ring of Ledebi (right hand) {Drain rF+ rC+ rN+ Str+8}
   (You found it on level 3 of the Crypt)

   [ring of positive energy]

   Str+8:     It affects your strength (+8).
   rF+:       It protects you from fire.
   rC+:       It protects you from cold.
   rN+:       It protects you from negative energy.
   Drain:     It drains your maximum health when unequipped.
Wands
 o - a wand of mindburst (38)
 u - a wand of polymorph (33)
 y - a wand of flame (136)
 A - a wand of charming (31)
 D - a wand of iceblast (43)
 K - a wand of digging (10)
 W - a wand of light (66)
Scrolls
 b - a scroll of enchant armour
 f - 9 scrolls of poison
 i - 3 scrolls of silence
 m - 12 scrolls of amnesia
 q - a scroll of fog
 r - 20 scrolls of teleportation
 v - 7 scrolls of butterflies
 w - 8 scrolls of revelation
 x - a scroll of immolation
 C - a scroll of blinking
 E - 16 scrolls of enchant weapon
 M - 3 scrolls of fear
 O - 2 scrolls of vulnerability
Potions
 c - 6 potions of enlightenment
 d - a potion of experience
 g - 19 potions of curing
 l - 12 potions of brilliance
 n - 5 potions of invisibility
 z - a potion of berserk rage
 B - 5 potions of might
 F - 15 potions of ambrosia
 H - a potion of cancellation
 L - a potion of resistance
 P - 4 potions of magic
 Z - 5 potions of heal wounds
Miscellaneous
 k - a condenser vane
 t - a phantom mirror
 V - the horn of Geryon
 X - a lightning rod (4/4)


   Skills:
 O Level 27 Fighting
 O Level 27 Axes
 O Level 27 Armour
 * Level 24.1 Dodging
 * Level 17.9 Stealth
 O Level 27 Shields


You had 26 spell levels left.
You didn't know any spells.
Your spell library contained the following spells:

 Spells                   Type           Power      Damage    Failure   Level
 Apportation              Tloc           0%         N/A       71%         1
 Foxfire                  Conj/Fire      0%         2x1d4     71%         1
 Freeze                   Ice            0%         1d3       71%         1
 Kiss of Death            Conj/Necr      0%         2d5       71%         1
 Magic Dart               Conj           0%         1d3       71%         1
 Sandblast                Erth           0%         2d4       71%         1
 Shock                    Conj/Air       0%         1d3       71%         1
 Sting                    Tmut/Pois      0%         1d3       71%         1
 Summon Small Mammal      Summ           0%         N/A       71%         1
 Blink                    Tloc           0%         N/A       85%         2
 Call Imp                 Summ           0%         N/A       85%         2
 Cigotuvi's Dreadful Rot  Necr/Pois/Air  0%         N/A       85%         2
 Ensorcelled Hibernation  Hex/Ice        0%         N/A       85%         2
 Jinxbite                 Hex            0%         N/A       85%         2
 Lesser Beckoning         Tloc           0%         N/A       85%         2
 Momentum Strike          Conj/Tloc      0%         3d8       85%         2
 Passwall                 Tmut/Erth      0%         N/A       85%         2
 Poisonous Vapours        Pois/Air       0%         N/A       85%         2
 Scorch                   Fire           0%         2d5       85%         2
 Searing Ray              Conj           0%         2d4       85%         2
 Static Discharge         Conj/Air       0%         3-3/arc   85%         2
 Sublimation of Blood     Necr           0%         N/A       85%         2
 Wereblood                Tmut           0%         N/A       85%         2
 Call Canine Familiar     Summ           0%         N/A       97%         3
 Dazzling Flash           Conj/Hex       0%         N/A       97%         3
 Frozen Ramparts          Ice            0%         1d1       97%         3
 Gell's Gravitas          Tloc           0%         N/A       97%         3
 Ozocubu's Armour         Ice            0%         N/A       97%         3
 Stone Arrow              Conj/Erth      0%         3d7       97%         3
 Summon Guardian Golem    Hex/Summ       0%         N/A       97%         3
 Swiftness                Air            0%         N/A       97%         3
 Teleport Other           Tloc           0%         N/A       97%         3
 Tukima's Dance           Hex            0%         N/A       97%         3
 Volatile Blastmotes      Fire/Tloc      0%         2d10      97%         3
 Airstrike                Air            0%         2d(0-16)  100%        4
 Anguish                  Hex/Necr       0%         N/A       100%        4
 Animate Armour           Summ/Erth      0%         N/A       100%        4
 Brom's Barrelling Bould  Conj/Erth      0%         2d3       100%        4
 Cause Fear               Hex            0%         N/A       100%        4
 Dimensional Bullseye     Hex/Tloc       0%         N/A       100%        4
 Dispel Undead            Necr           0%         3d6       100%        4
 Flame Wave               Conj/Fire      0%         2d4       100%        4
 Fulminant Prism          Conj/Hex       0%         3d5       100%        4
 Iskenderun's Mystic Bla  Conj/Tloc      0%         2d3       100%        4
 Manifold Assault         Tloc           0%         N/A       100%        4
 Olgreb's Toxic Radiance  Pois           0%         N/A       100%        4
 Petrify                  Tmut/Erth      0%         N/A       100%        4
 Sticky Flame             Conj/Fire      0%         2d3       100%        4
 Summon Lightning Spire   Summ/Air       0%         N/A       100%        4
 Agony                    Necr           0%         N/A       100%        5
 Alistair's Intoxication  Tmut/Pois      0%         N/A       100%        5
 Borgnjor's Vile Clutch   Necr/Erth      0%         N/A       100%        5
 Fireball                 Conj/Fire      0%         3d3       100%        5
 Irradiate                Conj/Tmut      0%         3d11      100%        5
 Iskenderun's Battlesphe  Conj           0%         2d6       100%        5
 Metabolic Englaciation   Hex/Ice        0%         N/A       100%        5
 Silence                  Hex/Air        0%         N/A       100%        5
 Summon Forest            Summ/Tloc      0%         N/A       100%        5
 Summon Mana Viper        Hex/Summ       0%         N/A       100%        5
 Yara's Violent Unravell  Hex/Tmut       0%         3d3       100%        5
 Conjure Ball Lightning   Conj/Air       0%         3x3d6     100%        6
 Death Channel            Necr           0%         N/A       100%        6
 Dispersal                Tloc           0%         N/A       100%        6
 Eringya's Noxious Bog    Tmut/Pois      0%         4d6       100%        6
 Plasma Beam              Fire/Air       0%         2x1d10    100%        6
 Simulacrum               Ice/Necr       0%         N/A       100%        6
 Starburst                Conj/Fire      0%         6d3       100%        6
 Summon Cactus Giant      Summ           0%         N/A       100%        6
 Malign Gateway           Summ/Tloc      0%         N/A       100%        7
 Orb of Destruction       Conj           0%         9d5       100%        7
 Ozocubu's Refrigeration  Ice            0%         4d7       100%        7
 Spellforged Servitor     Conj/Summ      0%         N/A       100%        7
 Summon Hydra             Summ           0%         N/A       100%        7
 Discord                  Hex            0%         N/A       100%        8
 Disjunction              Tloc           0%         N/A       100%        8
 Chain Lightning          Conj/Air       0%         N/A       100%        9
 Dragon's Call            Summ           0%         N/A       100%        9
 Fire Storm               Conj/Fire      0%         5d1       100%        9
 Polar Vortex             Ice            0%         N/A       100%        9
 Shatter                  Erth           0%         3d5*      100%        9


Dungeon Overview and Level Annotations

Branches:
Dungeon (15/15)            Temple (1/1) D:4            Lair (5/5) D:11
 Shoals (4/4) Lair:2       Spider (4/4) Lair:2        Slime (5/5) Lair:5
    Orc (2/2) D:12            Elf (3/3) Orc:2        Vaults (5/5) D:13
  Crypt (3/3) Vaults:3       Tomb (2/3) Crypt:3      Depths (4/4) D:15
   Hell (visited)             Dis (0/7) Hell            Geh (0/7) Hell
    Coc (0/7) Hell            Tar (0/7) Hell            Zot (5/5) Depths:4
  IceCv (visited)         Gauntlet (visited)

Altars:
Ashenzari
Cheibriados
Dithmenos
Elyvilon
Fedhas
Gozag
Hepliaklqana
Kikubaaqudgha
Makhleb
Nemelex Xobeh
Okawaru
Qazlal
Ru
Sif Muna
Trog
Uskayaw
Vehumet
Wu Jian
Xom
Yredelemnul
Zin
The Shining One

Shops:
D:2 *:*(*   D:4 =!:?*   D:5 :   D:12 *   Orc:2 (?=:   Elf:1 ?*   Elf:2 *
Elf:3 (   Shoals:1 [   Shoals:4 [   Vaults:1 ?*(   Vaults:4 ?   Vaults:5 ??!
Depths:1 ??=   Depths:3 *[!:   Depths:4 :=:

Portals:
Hell: Depths:1 Depths:2 Depths:3 Depths:4
Abyss: Depths:1 Depths:3
Pandemonium: Depths:2 Depths:3 Depths:4
Ziggurat: Depths:2

Annotations:
D:3 1 runed translucent door, Crazy Yiuf
Spider:4 3 runed translucent doors, Koton's ghost, adept SpEn
Elf:2 3 runed translucent doors, Sermion's ghost, journeyman HOBe
Elf:3 1 runed translucent door, Hiohy's ghost, adept DrSh
Depths:2 3 runed translucent doors, Bahe's ghost, veteran DgCj
Zot:3 2 transporters, Vanouxzi's ghost, master DsGl


Innate Abilities, Weirdness & Mutations

You have a pair of horns on your head.
You reflexively headbutt those who attack you in melee.
You have an uncontrollable temper.
You are clumsy. (Dex -2)
Your flesh is cold resistant. (rC+)
Armour fits poorly on your strangely shaped body.
You are dopey. (Int -2)
You are very frail. (-20% HP)
Your magical capacity is low. (-10% MP)
You occasionally shout uncontrollably at your foes.
You are resistant to electric shocks. (rElec)
You do not regenerate when monsters are visible.
You are weak. (Str -2)
Potions are less effective at restoring your health.
You are extremely vulnerable to heat. (rF---)
Your spells are a little easier to cast, but a little less powerful.
You sometimes lose the ability to drink potions when taking damage.
You sometimes lose the ability to read scrolls when taking damage.
Your health recovers twice as slowly from being drained.


Message History

You feel protected from electricity.
The electric golem moves out of view.
An orb of fire comes into view.
The orb of fire glows yellow.
The fireball explodes!
The fireball engulfs the orb of fire.
The orb of fire completely resists.
The fireball engulfs you!!! The fire burns you terribly!
The orb of fire glows bright magenta.
The fireball explodes!
The fireball engulfs you!!!! The fire burns you terribly!
Your resistance to electricity fades away.
You feel protected from fire.
* * * LOW HITPOINT WARNING * * *
The fireball engulfs the orb of fire.
The orb of fire completely resists.
An orb of fire comes into view.
You are too injured to fight recklessly!
Unknown command.
You are too injured to fight recklessly!
Unknown command.
You are too injured to fight recklessly!
Unknown command.
You are too injured to fight recklessly!
The orb of fire glows deep purple.
The bolt of fire misses you.
As you read the scroll of revelation, it crumbles to dust.
You feel aware of your surroundings. 6 Orb Guardians come into view.
The orb of fire emits a lurid red light.
The bolt of fire hits you!!!
* * * LOW HITPOINT WARNING * * *
A Killer Klown comes into view. It is wielding a +12 club of venom.
The Orb Guardian moves out of view.
Found 2 potions of curing.
As you read the scroll of teleportation, it crumbles to dust.
You feel strangely unstable.
You feel the Orb delaying your translocation!
A moth of wrath comes into view.
The orb of fire emits a lurid red light.
The fireball explodes!
The fireball engulfs you!!
You die...

.............# **,,,,,,,,,,,^,,,
#.....).....##▓▓#..^....,,,,,,,,,
#).^........#▓▓▓#.........,,,,,,,
#)...^......##▓▓#.........,,,,,,,
.)...........#▓▓#.........,,,,,,,
)............##▓#.........,,,^,,,
.)............###.........,,,,,,^
)###########..^###........,,,,,,,
## ####.°.@##.9.p.9.,,,,,,, #
######.**.....y..,,,,,,,
######▓▓▓▓▓▓▓▓▓▓▓**,,,,,
######▓▓▓▓X.X.X,,,,,,,,,
######▓..X.....,,,,,,,,, *
#####....X.....,,,,,,,,, *
*******▓▓▓#.......^.^.,,,,,,,,,
***,,,,,,.▓▓▓...........,,,,,,,,,
**,,,,,,,,^**,,,,,,,,,,,,,,,,,,,,


You could see 2 orbs of fire and a moth of wrath.

Vanquished Creatures
  the Royal Jelly (Slime:5)
  4 dread liches
  An ancient lich (Vaults:5)
  5 orbs of fire (Zot:5)
  Mennas (Vaults:5)
  Frederick (Vaults:4)
  A juggernaut (Depths:4)
  Sojobo (Vaults:2)
  3 royal mummies
  Saint Roka (Crypt:2)
  Bai Suzhen (Shoals:3)
  Vv (Crypt:1)
  4 Killer Klowns (Zot:5)
  Margery (Crypt:1)
  Boris (Vaults:5)
  7 curse toes
  Geryon (Hell)
  Xtahua (Crypt:2)
  A profane servitor (Crypt:3)
  7 golden dragons
  Arachne (Spider:4)
  3 bone dragons
  A Brimstone Fiend (Zot:5)
  2 electric golems
  Jorgrun (Shoals:3)
  A hellephant (Hell)
  2 Hell Sentinels (Abyss:4)
  21 tentacled monstrosities
  Zenata (Crypt:1)
  6 titans
  9 liches
  2 deep elf blademasters (Elf:3)
  A walking earthen tome (Depths:4)
  14 Orb Guardians (Zot:5)
  6 quicksilver dragons
  2 deep elf master archers (Elf:3)
  2 Executioners
  19 tentacled starspawn
  24 acid blobs
  4 ancient champions
  17 death cobs
  14 sphinxes
  2 krakens
  10 tengu reavers
  Polyphemus (Shoals:3)
  Ilsuiw (Shoals:2)
  9 storm dragons
  12 shadow dragons
  Donald (Spider:1)
  5 draconian monks
  A nagaraja (Depths:1)
  4 revenants
  6 rockslimes
  17 azure jellies
  11 fire giants
  10 deep elf sorcerers
  6 draconian knights
  10 draconian scorchers
  3 deep elf elementalists (Elf:3)
  5 iron dragons
  2 frost giants
  A balrug (Hell)
  4 curse skulls
  22 vault wardens
  15 ghost moths
  An angel (Abyss:4)
  An emperor scorpion (Spider:1)
  3 draconian shifters
  5 draconian annihilators
  A spectral caustic shrike (Crypt:3)
  A caustic shrike zombie (Abyss:4)
  2 cacodemons
  19 ironbound preservers
  7 formless jellyfish
  7 broodmothers
  4 orc warlords
  A ghoul (Crypt:3)
  5 draconian stormcallers
  A war gargoyle (Vaults:4)
  3 spriggan defenders
  10 quicksilver oozes
  5 reapers
  12 stone giants
  7 ironbound thunderhulks
  4 vampire knights
  17 green draconians
  24 very ugly things
  5 bennus (Tomb:2)
  8 deep elf annihilators
  A minotaur (Gauntlet)
  60 starcursed masses
  17 red draconians
  12 purple draconians
  13 white draconians
  16 dire elephants
  2 lorocyprocas
  16 black draconians
  A bunyip (Abyss:4)
  3 deep elf demonologists
  An acid blob zombie (Crypt:2)
  A wendigo (Hell)
  6 spark wasps
  9 yellow draconians
  A blizzard demon (Abyss:3)
  Snorg (Orc:2)
  A crystal guardian (Vaults:2)
  5 merfolk javelineers
  3 eidola (Crypt:2)
  14 ettins
  2 green deaths
  12 deep elf death magi
  9 mummy priests
  22 jiangshi
  9 merfolk impalers
  19 yaktaur captains
  4 iron golems (Hell)
  10 entropy weavers
  3 great orbs of eyes
  6 rakshasas
  34 vault guards
  6 deep elf high priests
  10 fire dragons
  Erolcha (Orc:2)
  3 caustic shrike simulacra
  7 ice dragons
  2 hydras
  7 ogre magi
  A jorogumo (shapeshifter) (Vaults:5)
  2 peacekeepers
  2 alligator snapping turtles
  4 merfolk aquamancers (Shoals:4)
  4 spriggan air magi
  2 jorogumos (Spider:4)
  7 death knights
  A bennu zombie (Crypt:2)
  2 radroaches
  2 merfolk avatars (Shoals:3)
  18 centaur warriors
  A spriggan skeleton (Abyss:1)
  16 two-headed ogres
  4 catoblepae
  33 dancing weapons
  4 deep troll shamans
  3 satyrs
  Erica (Lair:2)
  7 boulder beetles
  10 ironbound frosthearts
  7 tengu warriors
  7 hell hogs
  10 demonic crawlers
  3 deep troll earth magi
  14 thrashing horrors
  2 naga warriors
  3 orc high priests (Crypt:2)
  7 vampire magi
  8 death yaks
  8 hell knights
  4 occultists
  3 spriggan berserkers
  7 sun demons (Hell)
  Sonja (Orc:2)
  26 deep elf knights
  3 skysharks
  3 soul eaters
  28 skeletal warriors
  A sun moth (Spider:4)
  2 shadow demons (Crypt:2)
  13 wretched stars
  9 pharaoh ants
  11 sea snakes
  58 large abominations
  6 sixfirhies
  2 spatial maelstroms
  6 iron trolls
  64 deep trolls
  3 shadow wraiths
  A bog body (IceCv)
  8 glowing orange brains
  6 flayed ghosts
  A death drake (shapeshifter) (Vaults:5)
  5 orb spiders
  A swamp dragon (Abyss:4)
  An anaconda skeleton (Abyss:1)
  19 deep elf archers
  11 arcanists
  A deep troll (shapeshifter) (Vaults:5)
  15 ironbound convokers
  4 spriggan simulacra
  10 necromancers
  9 lindwurms
  40 deep elf zephyrmancers
  7 phantasmal warriors
  5 orc knights
  35 deep elf pyromancers
  4 steelbarb worms
  2 harpies (shapeshifter)
  44 ugly things
  24 harpies
  19 wolf spiders
  2 will-o-the-wisps
  2 mana vipers
  2 orc sorcerers
  An iron dragon zombie (Abyss:3)
  A fire giant zombie (Crypt:1)
  2 salamanders
  18 cyclopes
  14 manticores
  2 iron dragon skeletons
  6 worldbinders
  3 human zombies
  8 shining eyes
  14 fauns
  A centaur zombie (Abyss:1)
  An alligator skeleton (Crypt:1)
  A stone giant skeleton (Abyss:1)
  A guardian serpent (shapeshifter) (Vaults:5)
  An eye of devastation (Slime:1)
  A shock serpent zombie (Crypt:1)
  6 merfolk sirens
  3 guardian serpents
  17 moths of wrath
  An apocalypse crab (Abyss:3)
  An eleionoma skeleton (Crypt:2)
  13 black mambas
  2 water nymphs (shapeshifter) (Vaults:5)
  16 vault sentinels
  Joseph (Lair:1)
  A storm dragon simulacrum (Crypt:3)
  A naga mage (Abyss:3)
  17 smoke demons
  11 rust devils
  8 water nymphs
  5 orange demons
  7 torpor snails
  A purple draconian zombie (Crypt:1)
  2 torpor snails (shapeshifter) (Vaults:5)
  5 kobold demonologists
  3 rime drakes
  Psyche (D:9)
  17 cane toads
  2 efreet
  5 gargoyles
  A hellion (Abyss:1)
  12 komodo dragons
  3 unseen horrors
  A komodo dragon (shapeshifter) (Vaults:5)
  30 yaktaurs
  A grey draconian zombie (Crypt:1)
  15 freezing wraiths
  A harpy zombie (Abyss:1)
  2 tengu conjurers
  A golden dragon simulacrum (Crypt:3)
  A tormentor (Abyss:3)
  13 guardian mummies
  9 trolls
  A red devil (Hell)
  A death yak skeleton (Crypt:1)
  11 ice devils
  15 ancient zymes
  4 meliai
  2 queen bees
  Grinder (D:6)
  11 hornets
  A tengu simulacrum (Vaults:1)
  5 wind drakes
  38 tarantellas
  A hellwing (Abyss:1)
  A polar bear (Lair:3)
  A raiju (shapeshifter) (Elf:3)
  28 merfolk
  Prince Ribbit (D:5)
  A harpy skeleton (Tomb:1)
  A draconian simulacrum (Hell)
  5 glass eyes
  33 raiju
  83 slime creatures
  6 dream sheep
  5 blink frogs (Lair:4)
  10 snapping turtles
  A stone giant simulacrum (Hell)
  55 flying skulls
  36 jumping spiders
  23 culicivoras
  7 shadows
  5 ushabtiu (Tomb:1)
  2 dire elephant simulacra
  7 spriggans
  A fire dragon skeleton (Crypt:1)
  3 centaur simulacra
  14 ynoxinuls
  5 fire elementals
  41 yaks
  44 small abominations
  15 water elementals
  13 wraiths
  2 yaks (shapeshifter)
  4 basilisks
  6 air elementals
  6 vampires
  15 wyverns
  2 steam dragons
  11 golden eyes
  10 chaos spawn
  Eustachio (D:5)
  Grum (D:8)
  11 neqoxecs
  45 redbacks
  A spatial vortex (Abyss:3)
  12 vampire mosquitoes
  3 harpy simulacra
  8 minotaur simulacra (IceCv)
  4 wargs
  4 acid dragons
  5 nagas
  17 water moccasins
  12 orc warriors
  A deep troll skeleton (Crypt:2)
  An ice beast (Abyss:2)
  A glowing shapeshifter skeleton (Vaults:4)
  A swamp drake (Lair:2)
  A dream sheep zombie (Crypt:2)
  An ettin simulacrum (IceCv)
  2 sky beasts
  19 ogres
  A black bear (D:5)
  20 wolves
  A boggart (shapeshifter) (Abyss:3)
  4 boggarts
  12 centaurs
  A swamp dragon skeleton (Crypt:2)
  A phantom (D:5)
  7 brain worms
  7 kobold brigands
  14 bullfrogs
  6 deep troll simulacra (IceCv)
  3 scorpions (D:5)
  A water moccasin zombie (Crypt:2)
  4 necrophages (Crypt:3)
  2 gnoll sergeants (D:10)
  2 spectral wargs (Depths:3)
  A naga simulacrum (Hell)
  An earth elemental (Elf:3)
  An elf skeleton (Crypt:2)
  A hornet simulacrum (Gauntlet)
  13 wights
  29 killer bees
  A lindwurm simulacrum (IceCv)
  An electric eel (Spider:2)
  9 howler monkeys
  A crimson imp (Abyss:1)
  3 quasits
  A hound (D:5)
  9 orc priests
  A gnoll bouda (D:9)
  8 iguanas
  5 iron imps
  Natasha (thrice) (D:3)
  15 orc wizards
  4 naga skeletons
  23 mummies
  A howler monkey skeleton (Crypt:2)
  10 gnolls
  8 adders
  A steam dragon skeleton (Crypt:1)
  6 shadow imps
  3 white imps (Abyss:1)
  4 ufetubi
  A jelly zombie (Crypt:2)
  3 worms
  2 dart slugs (D:1)
  50 orcs
  9 ball pythons
  2 bats
  6 endoplasms
  3 giant cockroaches
  4 goblins
  4 hobgoblins
  4 jackals (D:3)
  34 kobolds
  6 quokkas
  A frilled lizard (D:1)
  6 rats
  4 lurking horrors
  2 spectral weapons (Elf:2)
  25 starspawn tentacles
  3 tentacles
3052 creatures vanquished.

Vanquished Creatures (others)
  An ironbound preserver (Vaults:5)
  A stone giant (Vaults:5)
  A deep elf knight (Elf:2)
  A large abomination (Abyss:4)
  A deep elf pyromancer (Elf:1)
  A tarantella (Spider:2)
  A golden eye (Abyss:3)
  2 starcursed masses (Abyss:1)
  An orc warrior (Orc:2)
  A boggart (Depths:3)
  3 small abominations
  A wolf (Depths:3)
  An iron imp (Abyss:3)
  A kobold (Depths:3)
  4 foxfires (Abyss:1)
  A lurking horror (Abyss:1)
  20 starspawn tentacles
  5 tentacles
47 creatures vanquished.

Grand Total: 3099 creatures vanquished

Notes
Turn   | Place    | Note
-------+----------+-------------------------------------------
     0 | D:1      | Maratek the Minotaur Fighter began the quest for the Orb.
     0 | D:1      | Reached XP level 1. HP: 19/19 MP: 0/0
   333 | D:1      | Reached XP level 2. HP: 26/27 MP: 1/1
   649 | D:1      | Found a faded altar of an unknown god.
  1136 | D:1      | Identified a scroll of acquirement
  1137 | D:1      | Acquired a +7 broad axe of electrocution
  1205 | D:2      | Reached XP level 3. HP: 32/33 MP: 2/2
  1342 | D:2      | Found Myumpop's Book Shoppe.
  1347 | D:2      | Found Qearr's Weapon Emporium.
  1432 | D:2      | Found Pojul's General Store.
  1504 | D:2      | Found Wekiodot's General Store.
  1587 | D:2      | Found Foidos's Assorted Antiques.
  1857 | D:3      | Reached XP level 4. HP: 41/41 MP: 3/3
  2018 | D:3      | Found a runed translucent door.
  2019 | D:3      | Noticed Crazy Yiuf
  2351 | D:3      | Noticed Natasha
  2357 | D:3      | Killed Natasha
  2358 | D:3      | Reached XP level 5. HP: 38/47 MP: 4/4
  2808 | D:3      | Found a shadowy altar of Dithmenos.
  2882 | D:3      | Noticed Natasha
  2887 | D:3      | Killed Natasha
  3031 | D:3      | Noticed Natasha
  3037 | D:3      | Killed Natasha
  3038 | D:3      | Reached skill level 5 in Fighting
  3127 | D:4      | Found Touwom's Book Boutique.
  3163 | D:4      | Reached skill level 5 in Armour
  3170 | D:4      | Found Penasyc's Magic Scroll Emporium.
  3185 | D:4      | Found Ysocoip's Assorted Antiques.
  3271 | D:4      | Found a bloodstained altar of Trog.
  3378 | D:4      | Reached skill level 5 in Shields
  3445 | D:4      | Found Soudazua's Distillery.
  3478 | D:4      | Found a staircase to the Ecumenical Temple.
  3560 | D:4      | Found Fossaill's Jewellery Shop.
  3570 | D:5      | Entered Level 5 of the Dungeon
  3570 | D:5      | Noticed Eustachio
  3579 | D:5      | Killed Eustachio
  3580 | D:5      | Reached XP level 6. HP: 55/56 MP: 5/5
  3604 | D:5      | Reached skill level 5 in Axes
  3648 | D:5      | Reached XP level 7. HP: 40/61 MP: 6/6
  3764 | D:5      | Found Futuot's Book Shop.
  3990 | D:5      | Reached XP level 8. HP: 59/70 MP: 7/7
  4108 | D:5      | Noticed Prince Ribbit
  4112 | D:5      | Killed Prince Ribbit
  4290 | D:6      | Noticed Grinder
  4293 | D:6      | Killed Grinder
  4945 | D:7      | Reached XP level 9. HP: 44/79 MP: 8/8
  5132 | D:7      | Identified the +3 buckler "Wifapneh" {Rampage rF- Dex+3}
  5839 | D:8      | Noticed Grum
  5847 | D:8      | Reached skill level 10 in Armour
  5850 | D:8      | Killed Grum
  5925 | D:8      | Reached skill level 10 in Axes
  5925 | D:8      | Noticed a two-headed ogre
  5932 | D:8      | Killed a two-headed ogre
  5933 | D:8      | Reached XP level 10. HP: 53/88 MP: 9/9
  6395 | D:8      | Gained mutation: You are dopey. (Int -2) [potion of
                  | mutation]
  6395 | D:8      | Gained mutation: Armour fits poorly on your strangely
                  | shaped body. [potion of mutation]
  6398 | D:8      | Lost mutation: Armour fits poorly on your strangely shaped
                  | body. [potion of mutation]
  6398 | D:8      | Lost mutation: You are dopey. (Int -2) [potion of mutation]
  6398 | D:8      | Gained mutation: You are vulnerable to heat. (rF-) [potion
                  | of mutation]
  6398 | D:8      | Gained mutation: Your muscles are strong. (Str +4, Int/Dex
                  | -1) [potion of mutation]
  6398 | D:8      | Gained mutation: You are partially covered in iridescent
                  | scales. (AC +2) [potion of mutation]
  6557 | D:9      | Noticed Psyche
  6560 | D:9      | Killed Psyche
  6884 | D:9      | Noticed a two-headed ogre
  6887 | D:9      | Killed a two-headed ogre
  7152 | D:9      | Found a burning altar of Makhleb.
  7172 | D:9      | Found an ancient bone altar of Kikubaaqudgha.
  7308 | D:9      | Noticed a deep elf pyromancer
  7319 | D:9      | Killed a deep elf pyromancer
  7461 | Temple   | Entered the Ecumenical Temple
  7522 | Temple   | Became a worshipper of Qazlal Stormbringer
  7770 | D:9      | Reached XP level 11. HP: 97/97 MP: 10/10
  7938 | D:9      | Noticed a tengu warrior
  7952 | D:9      | Killed a tengu warrior
  8078 | D:9      | Noticed a centaur warrior
  8084 | D:9      | Killed a centaur warrior
  8156 | D:9      | Found a glowing silver altar of Zin.
  8371 | D:10     | Entered Level 10 of the Dungeon
  8618 | D:10     | Reached * piety under Qazlal
  8778 | D:10     | Reached skill level 10 in Fighting
  8811 | D:10     | Noticed a centaur warrior
  8818 | D:10     | Killed a centaur warrior
  8819 | D:10     | Reached skill level 10 in Shields
  9011 | D:10     | Identified the +8 halberd "Jellybane" {flame, rF+++ rCorr
                  | Dex-4 Stlth+}
  9093 | D:10     | Identified the +1 flail of Annihilation {elec, rPois Will+
                  | Str+5 Dex-4}
  9227 | D:10     | Found a hide-covered altar of Uskayaw.
  9290 | D:10     | Noticed a catoblepas
  9295 | D:10     | Killed a catoblepas
  9492 | D:10     | Reached ** piety under Qazlal
  9840 | D:11     | Found a staircase to the Lair.
 10026 | D:11     | Noticed a centaur warrior
 10042 | D:11     | Reached XP level 12. HP: 94/107 MP: 11/11
 10045 | D:11     | Killed a centaur warrior
 10127 | D:11     | Noticed a two-headed ogre
 10128 | D:11     | Noticed a boulder beetle
 10131 | D:11     | Killed a two-headed ogre
 10151 | D:11     | Killed a boulder beetle
 10316 | D:11     | Identified the +11 rapier of Tasek {pain, *Noise rF+ Int+2}
 10372 | D:11     | Noticed a two-headed ogre
 10376 | D:11     | Killed a two-headed ogre
 10550 | D:11     | Noticed a centaur warrior
 10556 | D:11     | Killed a centaur warrior
 10556 | D:11     | Identified the amulet of Niur {Reflect Harm Fragile +Blink
                  | rElec SH+5}
 10559 | D:11     | Noticed a boulder beetle
 10573 | D:11     | Noticed a two-headed ogre
 10574 | D:11     | Killed a two-headed ogre
 11125 | D:11     | Identified the ring of Taox {rPois rN+ Will+ Slay+4}
 11137 | D:11     | Reached skill level 15 in Armour
 11150 | D:11     | Killed a boulder beetle
 11226 | D:11     | Identified the ring "Siocven" {Wiz Dex+2}
 11237 | D:11     | Identified the ring "Adghigur" {AC+4 Str+2}
 11554 | D:12     | Reached skill level 15 in Axes
 11830 | D:12     | Found a staircase to the Orcish Mines.
 11839 | D:12     | Identified the amulet of Witaj {Reflect rC+ SH+5}
 11867 | D:12     | Reached *** piety under Qazlal
 11907 | D:12     | You fall into a shaft and drop 2 floors!
 12030 | D:13     | Noticed a centaur warrior
 12032 | D:13     | Noticed a tengu warrior
 12035 | D:13     | Killed a centaur warrior
 12036 | D:13     | Reached XP level 13. HP: 104/116 MP: 12/12
 12669 | D:13     | Found a gate to the Vaults.
 13466 | D:14     | Found an iron altar of Okawaru.
 13614 | D:14     | Reached **** piety under Qazlal
 14070 | D:15     | Entered Level 15 of the Dungeon
 14175 | D:15     | Reached XP level 14. HP: 60/127 MP: 13/13
 14655 | D:15     | Found a staircase to the Depths.
 15119 | D:2      | Bought the +9 plate armour of the Lotus Blossom {rElec rC-
                  | Str+3 Int+5} for 1101 gold pieces
 15334 | Lair:1   | Entered Level 1 of the Lair of Beasts
 15334 | Lair:1   | Noticed Joseph
 15338 | Lair:1   | Killed Joseph
 15371 | Lair:1   | Identified the +5 glaive of Cuipohai {speed, +Blink rC- rN+
                  | Dex+3}
 15593 | Lair:1   | Reached ***** piety under Qazlal
 16435 | Lair:2   | Found a hole to the Spider Nest.
 16616 | Lair:2   | Noticed Erica
 16621 | Lair:2   | Killed Erica
 16691 | Lair:2   | Found a staircase to the Shoals.
 17188 | Lair:3   | Found a gate leading to a gauntlet.
 17200 | Gauntlet | Entered a Gauntlet
 17200 | Gauntlet | Found a transporter.
 17200 | Gauntlet | Found a transporter.
 17207 | Gauntlet | Found a transporter.
 17208 | Gauntlet | Found a transporter.
 17209 | Gauntlet | Found a transporter.
 17222 | Gauntlet | Found a transporter.
 17231 | Gauntlet | Found a transporter.
 17238 | Gauntlet | Found a transporter.
 17239 | Gauntlet | Found a transporter.
 17256 | Gauntlet | Noticed a reaper
 17350 | Gauntlet | Found a transporter.
 17372 | Gauntlet | Found a transporter.
 17382 | Gauntlet | Found the +3 greatsling "Punk" {acid, rCorr}
 17386 | Gauntlet | Found a transporter.
 17542 | Gauntlet | Identified the +2 pair of gloves "Xizxomid" {Str+3}
 17577 | Gauntlet | Found the +1 cloak of Starlight {*Dazzle EV+4 Stlth--}
 17577 | Gauntlet | Identified the +3 orcbow of Terra Nullius {speed, rN+ Int+3
                  | Dex+3 Stlth+}
 17577 | Gauntlet | Identified the +16 plate armour of the Jabberwock {rPois
                  | rF+}
 17588 | Gauntlet | Identified the +12 short sword of Fewnymp {venom, Fragile
                  | rElec Will+}
 17599 | Gauntlet | Identified the scarf of Xuach {harm, rC- Int+4 Dex+4}
 17749 | Lair:3   | You fall into a shaft and drop 2 floors!
 17749 | Lair:5   | Entered Level 5 of the Lair of Beasts
 17913 | Lair:4   | Reached XP level 15. HP: 136/136 MP: 14/14
 18234 | Lair:4   | Reached ****** piety under Qazlal
 19391 | Lair:5   | Found a staircase to the Slime Pits.
 19933 | Orc:1    | Entered Level 1 of the Orcish Mines
 20065 | Orc:2    | Entered Level 2 of the Orcish Mines
 20067 | Orc:2    | Noticed Erolcha
 20070 | Orc:2    | Noticed Sonja
 20391 | Orc:2    | Killed Erolcha
 20395 | Orc:2    | Killed Sonja
 20447 | Orc:2    | Found Echytysm's Antique Weapon Boutique.
 20456 | Orc:2    | Found Wefef's Jewellery Shop.
 20457 | Orc:2    | Found Duobbeu's Book Emporium.
 20482 | Orc:2    | Found Gesuum's Magic Scroll Shop.
 20569 | Orc:2    | Noticed Snorg
 20576 | Orc:2    | Killed Snorg
 20641 | Orc:2    | Found a staircase to the Elven Halls.
 20801 | Elf:1    | Entered Level 1 of the Elven Halls
 21100 | Elf:1    | Noticed a deep elf sorcerer
 21115 | Elf:1    | Killed a deep elf sorcerer
 21220 | Elf:1    | Reached XP level 16. HP: 147/147 MP: 15/15
 21226 | Elf:1    | Paralysed by an air elemental for 1 turns
 21235 | Elf:1    | Paralysed by an air elemental for 1 turns
 21764 | Elf:1    | Found Neneme's Magic Scroll Boutique.
 21776 | Elf:1    | Paralysed by an air elemental for 1 turns
 21785 | Elf:1    | Reached skill level 15 in Fighting
 21785 | Elf:1    | Reached skill level 15 in Shields
 22186 | Elf:1    | Got Xannel's Meditations on Arcane Combat
 22580 | Elf:1    | Found Xumous's CLEARANCE SALE!.
 22654 | Elf:2    | Paralysed by an air elemental for 1 turns
 22660 | Elf:2    | Paralysed by an air elemental for 1 turns
 22667 | Elf:2    | Paralysed by an air elemental for 1 turns
 22768 | Elf:2    | Found a runed translucent gate.
 22769 | Elf:2    | Found a runed translucent gate.
 22769 | Elf:2    | Found a runed translucent gate.
 23079 | Elf:2    | Reached XP level 17. HP: 130/156 MP: 16/16
 23557 | Elf:2    | Paralysed by an air elemental for 1 turns
 23744 | Elf:2    | Found Aodaug's Alliterative Armaments.
 23761 | Elf:2    | Found a runed translucent gate.
 23761 | Elf:2    | Found a runed translucent gate.
 23761 | Elf:2    | Found a runed translucent gate.
 23763 | Elf:2    | Noticed Sermion's ghost (journeyman HOBe)
 23807 | Elf:3    | Entered Level 3 of the Elven Halls
 23807 | Elf:3    | Found Xohat's Weapon Shoppe.
 23809 | Elf:3    | Paralysed by an air elemental for 1 turns
 24137 | Elf:3    | Found a runed translucent door.
 24241 | Elf:3    | Noticed Hiohy's ghost (adept DrSh)
 24258 | Elf:3    | Noticed a deep elf blademaster
 24261 | Elf:3    | Noticed a deep elf blademaster
 24275 | Elf:3    | Killed a deep elf blademaster
 24277 | Elf:3    | Killed a deep elf blademaster
 24290 | Elf:3    | Noticed a deep elf master archer
 24292 | Elf:3    | Noticed a deep elf master archer
 24316 | Elf:3    | Killed a deep elf master archer
 24318 | Elf:3    | Killed a deep elf master archer
 24344 | Elf:3    | Noticed a Brimstone Fiend
 25024 | Elf:3    | Found the +8 storm bow {elec, penet}
 25194 | Elf:3    | Got the Cyclopedia of Geometric Topomancy
 25226 | Elf:3    | Got the Parchment of Frost and Guile
 25228 | Elf:3    | Identified the +4 robe of the Present {+Blink Str+3 Stlth-}
 25238 | Elf:3    | Identified the +4 quick blade "Yroellez" {heavy, rElec}
 25282 | Elf:3    | Identified the +3 long sword of the Dark Horse {vamp,
                  | Stlth+}
 25377 | Elf:3    | Identified the ring "Jeman" {Fire rN+}
 25554 | Elf:3    | Noticed a Tzitzimitl
 26054 | D:12     | Found Kuzuoddu's Serpentskin Sales.
 26485 | D:15     | Reached XP level 18. HP: 168/168 MP: 17/17
 26724 | Spider:1 | Entered Level 1 of the Spider Nest
 27439 | Spider:1 | Noticed Donald
 27447 | Spider:1 | Killed Donald
 28567 | Spider:2 | Found the +15 Maxwell's patent armour {-Cast -Tele rElec
                  | Will+ rCorr}
 28748 | Spider:2 | Identified the +6 great sword of Tar Cipt {flame, rN+}
 28857 | Spider:2 | Identified the blade talisman of Watchfulness {rElec rC-
                  | rN+ Int+2}
 29500 | Spider:3 | Identified the +9 crystal plate armour of the Shining Light
                  | {Stlth+}
 29839 | Spider:4 | Entered Level 4 of the Spider Nest
 30014 | Spider:4 | Noticed Arachne
 30024 | Spider:4 | Killed Arachne
 30145 | Spider:4 | Reached XP level 19. HP: 167/177 MP: 18/18
 30340 | Spider:4 | Found a runed translucent gate.
 30340 | Spider:4 | Found a runed translucent gate.
 30340 | Spider:4 | Found a runed translucent gate.
 30340 | Spider:4 | Noticed Koton's ghost (adept SpEn)
 30600 | Spider:4 | Got a gossamer rune of Zot
 31173 | Vaults:1 | Entered Level 1 of the Vaults
 31210 | Vaults:1 | Found Naugri's Antique Weapon Shoppe.
 31210 | Vaults:1 | Found Reenkaal's Assorted Antiques.
 31595 | Vaults:1 | Found Ariq's Magic Scroll Shoppe.
 33129 | Vaults:2 | Reached XP level 20. HP: 189/189 MP: 19/19
 33141 | Vaults:2 | Noticed Sojobo
 33152 | Vaults:2 | Paralysed by an air elemental for 1 turns
 33158 | Vaults:2 | Killed Sojobo
 33659 | Vaults:2 | Identified the +4 shortbow "Qirir" {flame, rF+ MP+9}
 35332 | Vaults:3 | Found a staircase to the Crypt.
 35332 | Vaults:3 | Found an ancient bone altar of Kikubaaqudgha.
 35333 | Vaults:3 | Found a basalt altar of Yredelemnul.
 35781 | Depths:1 | Entered Level 1 of the Depths
 35816 | Depths:1 | Identified the +2 trident of Prudence {heavy, rF- Will+
                  | rCorr Int+4}
 35942 | Depths:1 | Found a sacrificial altar of Ru.
 36285 | Shoals:1 | Entered Level 1 of the Shoals
 36401 | Shoals:1 | Identified the +2 giant spiked club of Neall {flame, rElec}
 36531 | Shoals:1 | Reached XP level 21. HP: 200/200 MP: 20/20
 36694 | Shoals:1 | Identified the +2 ring mail "Exeorr" {rPois rN+ Int-4}
 36918 | Shoals:1 | Found Benzaiten's Dragon-Slaying Spoils.
 37576 | Shoals:2 | Noticed Ilsuiw
 37595 | Shoals:2 | Killed Ilsuiw
 38004 | Shoals:3 | Noticed Polyphemus
 38039 | Shoals:3 | Noticed Jorgrun
 38055 | Shoals:3 | Killed Jorgrun
 38276 | Shoals:3 | Found a frozen archway.
 38282 | IceCv    | Entered an ice cave
 38336 | IceCv    | Found the +0 pair of fencer's gloves {Riposte Dex+3}
 38740 | Shoals:3 | Noticed Bai Suzhen
 38751 | Shoals:3 | Killed Polyphemus
 38754 | Shoals:3 | Killed Bai Suzhen
 39368 | Shoals:4 | Entered Level 4 of the Shoals
 39869 | Shoals:4 | Found Duenut's Armour Shoppe.
 39929 | Shoals:4 | Identified the +6 ring mail of the Eleven Lives {rCorr}
 39983 | Shoals:4 | Got Myuceb's Annotations on the Amorphous Evil Eye
 40135 | Shoals:4 | Identified the staff of the Heavens {rElec rF+ Fire}
 40326 | Shoals:4 | Got a barnacled rune of Zot
 40711 | Depths:1 | Found Dajonlu's Magic Scroll Emporium.
 40960 | Depths:1 | Found a gateway to Hell.
 40968 | Depths:1 | Found Wexi's Jewellery Shop.
 40968 | Depths:1 | Found Neafiri's Magic Scroll Boutique.
 40986 | Depths:1 | Bought the ring of Ynwel {rPois rC- Str+6 Dex+2 SInv} for
                  | 777 gold pieces
 41131 | Depths:1 | Found a one-way gate to the infinite horrors of the Abyss.
 41532 | Depths:2 | Found a runed translucent gate.
 41533 | Depths:2 | Found a runed translucent gate.
 41533 | Depths:2 | Found a runed translucent gate.
 41534 | Depths:2 | Noticed Bahe's ghost (veteran DgCj)
 41535 | Depths:2 | Found a one-way gate leading to the halls of Pandemonium.
 41536 | Depths:2 | Noticed a golden dragon
 41606 | Depths:2 | Found a one-way gateway to a ziggurat.
 41652 | Depths:2 | Reached XP level 22. HP: 195/213 MP: 21/21
 42279 | Depths:2 | Identified the +2 helmet of Reason {rN+ Str+6}
 42768 | Depths:3 | Found a runed translucent door.
 42969 | Depths:3 | Noticed a golden dragon
 42989 | Depths:3 | Reached skill level 27 in Armour
 42996 | Depths:3 | Killed a golden dragon
 43242 | Depths:3 | Found Jegaqu's Book Shop.
 43428 | Depths:4 | Entered Level 4 of the Depths
 43441 | Depths:4 | Reached skill level 27 in Axes
 43580 | Depths:4 | Noticed a golden dragon
 43598 | Depths:4 | Killed a golden dragon
 43625 | Depths:4 | Found a gate to the Realm of Zot.
 43923 | Depths:4 | Noticed a juggernaut
 43943 | Depths:4 | Killed a juggernaut
 44103 | Depths:4 | Found a transporter.
 44141 | Depths:4 | Identified the +1 pair of boots of Dogma {rN+ Regen+}
 44310 | Depths:4 | Found Onah's Jewellery Shoppe.
 44311 | Depths:4 | Found Cyfarit's Book Shop.
 44311 | Depths:4 | Found Ygefe's Book Shop.
 44959 | Crypt:1  | Entered Level 1 of the Crypt
 44986 | Crypt:1  | Noticed Zenata
 44998 | Crypt:1  | Killed Zenata
 45216 | Crypt:1  | Noticed Vv
 45237 | Crypt:1  | Killed Vv
 45772 | Crypt:1  | Noticed Margery
 45785 | Crypt:1  | Killed Margery
 46038 | Crypt:1  | Acquired a manual of Hexes
 46185 | Crypt:2  | Reached skill level 1 in Dodging
 46267 | Crypt:2  | Noticed Saint Roka
 46307 | Crypt:2  | Killed Saint Roka
 46373 | Crypt:2  | Found a shimmering blue altar of Sif Muna.
 46386 | Crypt:2  | Reached XP level 23. HP: 214/225 MP: 22/22
 46416 | Crypt:2  | Identified the amulet "Egereuce" {RegenMP Rampage Int+3
                  | Dex+4}
 46496 | Crypt:2  | Got the Octavo of the Union
 46830 | Crypt:2  | Noticed Xtahua
 46840 | Crypt:2  | Killed Xtahua
 46933 | Crypt:3  | Entered Level 3 of the Crypt
 47059 | Crypt:3  | Found an ancient bone altar of Kikubaaqudgha.
 47088 | Crypt:3  | Reached skill level 5 in Dodging
 47455 | Crypt:3  | Identified the +0 ring mail of Charity {-Tele rPois rC+
                  | Will+}
 47455 | Crypt:3  | Identified the amulet "Bemem" {RegenMP rN++}
 47605 | Crypt:3  | Found a staircase to the Tomb.
 47772 | Crypt:3  | Identified the +3 leather armour of Leergheag {rPois Str-3
                  | Int+2}
 47911 | Crypt:3  | Identified the ring of Ledebi {Drain rF+ rC+ rN+ Str+8}
 47911 | Crypt:3  | Identified the ring "Laofigg" {rN+ Str+2 Stlth+}
 47911 | Crypt:3  | Identified the ring of Nemnogy {rF- rN+ Str-5 Int+4 Slay+5}
 47980 | Tomb:1   | Entered Level 1 of the Tomb of the Ancients
 48043 | Tomb:1   | Identified the +6 scale mail of Qoav {Harm rC- rCorr Int+5}
 48387 | Tomb:1   | Noticed a royal mummy
 48397 | Tomb:1   | Noticed a royal mummy
 48398 | Tomb:1   | Killed a royal mummy
 48404 | Tomb:1   | Noticed a royal mummy
 48492 | Tomb:1   | Killed a royal mummy
 48952 | Tomb:2   | Noticed a royal mummy
 48952 | Tomb:2   | Noticed a royal mummy
 48952 | Tomb:2   | Noticed a royal mummy
 48952 | Tomb:2   | Noticed a royal mummy
 48954 | Tomb:2   | Noticed a royal mummy
 48985 | Tomb:2   | Killed a royal mummy
 48985 | Tomb:2   | Lost intelligence.
 51614 | Crypt:3  | Lost intelligence.
 51733 | Crypt:3  | Upgraded the game from 0.31-a0-1118-gbca3d03946 to
                  | 0.31-a0-1134-gb247575874
 52133 | Slime:1  | Entered Level 1 of the Pits of Slime
 52142 | Slime:1  | Gained mutation: You sometimes lose your temper in combat.
                  | [a shining eye]
 52190 | Lair:5   | Lost mutation: You are partially covered in iridescent
                  | scales. (AC +2) [potion of mutation]
 52190 | Lair:5   | Lost mutation: You are vulnerable to heat. (rF-) [potion of
                  | mutation]
 52190 | Lair:5   | Gained mutation: Your mind is acute. (Int +4, Str/Dex -1)
                  | [potion of mutation]
 52190 | Lair:5   | Gained mutation: Armour fits poorly on your strangely
                  | shaped body. [potion of mutation]
 52190 | Lair:5   | Gained mutation: Your flesh is heat resistant. (rF+)
                  | [potion of mutation]
 52191 | Lair:5   | Lost mutation: Your mind is acute. (Int +4, Str/Dex -1)
                  | [potion of mutation]
 52191 | Lair:5   | Lost mutation: You sometimes lose your temper in combat.
                  | [potion of mutation]
 52191 | Lair:5   | Gained mutation: Your spells are a little easier to cast,
                  | but a little less powerful. [potion of mutation]
 52191 | Lair:5   | Gained mutation: You are strong-willed. (Will+) [potion of
                  | mutation]
 52191 | Lair:5   | Gained mutation: You are agile. (Dex +4, Str/Int -1)
                  | [potion of mutation]
 52192 | Lair:5   | Lost mutation: Your flesh is heat resistant. (rF+) [potion
                  | of mutation]
 52192 | Lair:5   | Lost mutation: Your spells are a little easier to cast, but
                  | a little less powerful. [potion of mutation]
 52192 | Lair:5   | Gained mutation: You possess an exceptional clarity of
                  | mind. [potion of mutation]
 52192 | Lair:5   | Lost mutation: Armour fits poorly on your strangely shaped
                  | body. [potion of mutation]
 52192 | Lair:5   | Gained mutation: You are very agile. (Dex +8, Str/Int -2)
                  | [potion of mutation]
 52192 | Lair:5   | Gained mutation: Your skin changes colour to match your
                  | surroundings (Stealth+). [potion of mutation]
 52231 | Lair:5   | Lost intelligence.
 52488 | Slime:3  | Gained mutation: Your spells are a little easier to cast,
                  | but a little less powerful. [a shining eye]
 52490 | Slime:3  | Gained mutation: You occasionally lose the ability to read
                  | scrolls when taking damage. [a shining eye]
 52495 | Slime:3  | Lost mutation: You possess an exceptional clarity of mind.
                  | [a shining eye]
 52499 | Slime:3  | Reached XP level 24. HP: 210/239 MP: 22/22
 52499 | Slime:3  | Gained mutation: You have sharp toenails. [a shining eye]
 53001 | Slime:4  | Reached skill level 10 in Dodging
 53467 | Slime:5  | Entered Level 5 of the Pits of Slime
 53689 | Slime:5  | Gained mutation: You are frail. (-10% HP) [a shining eye]
 53974 | Slime:5  | Noticed the Royal Jelly
 53997 | Slime:5  | Killed the Royal Jelly
 54150 | Slime:5  | Identified the +4 orcbow "Viasch" {heavy, Fly rElec Int+3
                  | SInv}
 54169 | Slime:5  | Identified the +6 lajatang "Zomasiez" {antimagic, rC- rN+
                  | Will+ Int+3}
 54201 | Slime:5  | Got a slimy rune of Zot
 54239 | Slime:5  | Identified the +0 pair of boots of Magic {Str+3 Dex+3}
 54875 | D:2      | Bought a scroll of brand weapon for 237 gold pieces
 55295 | Depths:1 | Bought 3 scrolls of brand weapon for 627 gold pieces
 55479 | Depths:3 | Reached skill level 1 in Stealth
 55665 | Depths:3 | Identified the +8 chain mail of Xom's Benevolence {Rampage
                  | Str+6}
 55995 | Depths:3 | Found a shadowy altar of Dithmenos.
 56017 | Depths:3 | Found Gumeus's Miraculous Elixirs.
 56076 | Depths:3 | Found The Legendary Xaenopp's Legendary Smithy.
 56093 | Depths:3 | Found Goigil's General Store.
 56104 | Depths:3 | Bought a potion of heal wounds for 115 gold pieces
 56104 | Depths:3 | Bought a potion of curing for 69 gold pieces
 56172 | Depths:3 | Found a radiant altar of Vehumet.
 56511 | Hell     | Entered the Vestibule of Hell
 56511 | Hell     | Noticed Geryon
 56636 | Hell     | Killed Geryon
 56740 | Hell     | Paralysed by a wendigo for 1 turns
 56759 | Hell     | Found a gateway to the freezing wastes of Cocytus.
 56857 | Hell     | Found a gateway to the decaying netherworld of Tartarus.
 56933 | Hell     | Found a gateway to the Iron City of Dis.
 57098 | Hell     | Found a gateway to the ashen valley of Gehenna.
 57574 | Vaults:4 | Noticed Frederick
 57589 | Vaults:4 | Killed Frederick
 57758 | Vaults:4 | Reached XP level 25. HP: 227/227 MP: 22/22
 58344 | Vaults:4 | Identified the +5 scale mail "Daulokifidgh" {Str+2}
 58456 | Vaults:4 | Found Ram Wuc's Magic Scroll Boutique.
 58464 | Vaults:4 | Bought a scroll of enchant armour for 127 gold pieces
 58591 | Vaults:5 | Entered Level 5 of the Vaults
 58617 | Vaults:5 | Noticed a dread lich
 58646 | Vaults:5 | Killed a dread lich
 58660 | Vaults:5 | Reached skill level 5 in Stealth
 58946 | Vaults:5 | Noticed an ancient lich
 58949 | Vaults:5 | Identified the +0 robe of the Eternal Fruit {Slay+3 Stlth+}
 58961 | Vaults:5 | Identified the +6 double sword "Saur" {holy, Dex+4}
 58963 | Vaults:5 | Killed an ancient lich
 59221 | Vaults:5 | Found Ynwav's Distillery.
 59229 | Vaults:5 | Bought a potion of heal wounds for 70 gold pieces
 59229 | Vaults:5 | Bought a potion of haste for 140 gold pieces
 59229 | Vaults:5 | Bought a potion of resistance for 140 gold pieces
 59229 | Vaults:5 | Bought a potion of resistance for 140 gold pieces
 59229 | Vaults:5 | Bought a potion of haste for 140 gold pieces
 59239 | Vaults:5 | Found Ceneaw's Magic Scroll Emporium.
 59258 | Vaults:5 | Found Urikev's Magic Scroll Boutique.
 59263 | Vaults:5 | Got a silver rune of Zot
 59271 | Vaults:5 | Bought a scroll of noise for 22 gold pieces
 59317 | Vaults:5 | Noticed Mennas
 59325 | Vaults:5 | Noticed Boris
 59337 | Vaults:5 | Killed Mennas
 59343 | Vaults:5 | Killed Boris
 59344 | Vaults:5 | Reached skill level 27 in Fighting
 59344 | Vaults:5 | Reached skill level 15 in Dodging
 59506 | Vaults:5 | Got Everyday Spellwork
 59707 | Vaults:5 | Got the Guide on Dark Modification
 59744 | Vaults:5 | Reached skill level 27 in Shields
 60175 | Vaults:5 | Identified the +3 arbalest "Koeshruk" {flame, Fly rElec
                  | rPois Dex+2}
 60187 | Vaults:5 | Identified the amulet "Folun" {*Slow Fly rC+++ Regen+
                  | Dex+2}
 60593 | Depths:1 | Voluntarily entered the Abyss.
 60612 | Abyss:1  | Found a corrupted altar of Lugonu.
 60794 | Abyss:1  | Reached XP level 26. HP: 239/239 MP: 18/22
 61033 | Abyss:1  | Gained mutation: Armour fits poorly on your strangely
                  | shaped body. [a neqoxec]
 61633 | Abyss:2  | Found a corrupted altar of Lugonu.
 61649 | Abyss:2  | Found a corrupted altar of Lugonu.
 61699 | Abyss:2  | Found a corrupted altar of Lugonu.
 61761 | Abyss:3  | Found a corrupted altar of Lugonu.
 61773 | Abyss:3  | Found a corrupted altar of Lugonu.
 61773 | Abyss:3  | Found a corrupted altar of Lugonu.
 62244 | Abyss:3  | Reached skill level 10 in Stealth
 62258 | Abyss:3  | Gained mutation: You have hidden genetic defects. [a
                  | neqoxec]
 62272 | Abyss:3  | Paralysed by accursed screaming for 1 turns
 62285 | Abyss:3  | Lost intelligence.
 62574 | Abyss:3  | Lost mutation: You are very agile. (Dex +8, Str/Int -2)
                  | [hidden defects]
 62626 | Abyss:3  | Lost intelligence.
 62698 | Abyss:3  | Gained mutation: You sometimes lose the ability to read
                  | scrolls when taking damage. [a neqoxec]
 62872 | Abyss:4  | Reached XP level 27. HP: 206/245 MP: 22/22
 62935 | Abyss:4  | Paralysed by accursed screaming for 1 turns
 62938 | Abyss:4  | Lost mutation: Your muscles are strong. (Str +4, Int/Dex
                  | -1) [hidden defects]
 62938 | Abyss:4  | Lost mutation: You have hidden genetic defects. [hidden
                  | defects expressed]
 62946 | Abyss:4  | Paralysed by accursed screaming for 2 turns
 62959 | Abyss:4  | Paralysed by accursed screaming for 1 turns
 63093 | Abyss:4  | Gained mutation: You sometimes lose your temper in combat.
                  | [a cacodemon]
 63126 | Depths:1 | Escaped the Abyss
 63912 | Zot:1    | Entered Level 1 of the Realm of Zot
 64200 | Zot:1    | Identified the staff of Watchfulness {rF++ rN+ Necro}
 65972 | Zot:2    | Reached skill level 15 in Stealth
 66034 | Zot:2    | Lost mutation: You are agile. (Dex +4, Str/Int -1) [potion
                  | of mutation]
 66034 | Zot:2    | Lost mutation: You have sharp toenails. [potion of
                  | mutation]
 66034 | Zot:2    | Lost mutation: Armour fits poorly on your strangely shaped
                  | body. [potion of mutation]
 66034 | Zot:2    | Gained mutation: You are vulnerable to heat. (rF-) [potion
                  | of mutation]
 66035 | Zot:2    | Lost mutation: Your skin changes colour to match your
                  | surroundings (Stealth+). [potion of mutation]
 66035 | Zot:2    | Lost mutation: You are frail. (-10% HP) [potion of
                  | mutation]
 66035 | Zot:2    | Gained mutation: You have hidden genetic defects. [potion
                  | of mutation]
 66036 | Zot:2    | Lost mutation: You sometimes lose the ability to read
                  | scrolls when taking damage. [potion of mutation]
 66036 | Zot:2    | Lost mutation: You are strong-willed. (Will+) [potion of
                  | mutation]
 66036 | Zot:2    | Lost mutation: Your spells are a little easier to cast, but
                  | a little less powerful. [potion of mutation]
 66036 | Zot:2    | Gained mutation: You are resistant to electric shocks.
                  | (rElec) [potion of mutation]
 66036 | Zot:2    | Gained mutation: Your flesh is cold resistant. (rC+)
                  | [potion of mutation]
 66915 | Zot:3    | Noticed Vanouxzi's ghost (master DsGl)
 66918 | Zot:3    | Found a transporter.
 66931 | Zot:3    | Found a transporter.
 67072 | Zot:3    | Found an opulent altar of Gozag.
 67195 | Zot:3    | Found an opulent altar of Gozag.
 67234 | Zot:3    | Found an opulent altar of Gozag.
 67340 | Zot:4    | Gained mutation: You occasionally lose the ability to drink
                  | potions when taking damage. [hidden defects]
 68273 | Zot:5    | Entered Level 5 of the Realm of Zot
 68274 | Zot:5    | Noticed an orb of fire
 68289 | Zot:5    | Gained mutation: You are dopey. (Int -2) [an orb of fire]
 68291 | Zot:5    | Killed an orb of fire
 68495 | Zot:5    | Noticed an orb of fire
 68496 | Zot:5    | Gained mutation: You are frail. (-10% HP) [an orb of fire]
 68497 | Zot:5    | Noticed an orb of fire
 68499 | Zot:5    | Gained mutation: You are weak. (Str -2) [an orb of fire]
 68501 | Zot:5    | Noticed an orb of fire
 68506 | Zot:5    | Killed an orb of fire
 68507 | Zot:5    | Gained mutation: You sometimes lose the ability to read
                  | scrolls when taking damage. [an orb of fire]
 68508 | Zot:5    | Gained mutation: You are very frail. (-20% HP) [an orb of
                  | fire]
 68511 | Zot:5    | Lost mutation: You are dopey. (Int -2) [an orb of fire]
 68513 | Zot:5    | Gained mutation: Armour fits poorly on your strangely
                  | shaped body. [an orb of fire]
 68513 | Zot:5    | Gained mutation: Your body sometimes deteriorates upon
                  | taking damage. [an orb of fire]
 68515 | Zot:5    | Gained mutation: You sometimes lose the ability to drink
                  | potions when taking damage. [an orb of fire]
 68516 | Zot:5    | Killed an orb of fire
 68518 | Zot:5    | Gained mutation: You are very vulnerable to heat. (rF--)
                  | [an orb of fire]
 68520 | Zot:5    | Gained mutation: Your spells are a little easier to cast,
                  | but a little less powerful. [an orb of fire]
 68523 | Zot:5    | Lost mutation: Your body sometimes deteriorates upon taking
                  | damage. [an orb of fire]
 68525 | Zot:5    | Gained mutation: You have an uncontrollable temper. [an orb
                  | of fire]
 68525 | Zot:5    | Gained mutation: Your magical capacity is low. (-10% MP)
                  | [hidden defects]
 68525 | Zot:5    | Lost mutation: You have hidden genetic defects. [hidden
                  | defects expressed]
 68526 | Zot:5    | Killed an orb of fire
 68553 | Zot:5    | Noticed a dread lich
 68572 | Zot:5    | Killed a dread lich
 68934 | Zot:5    | Noticed an orb of fire
 68941 | Zot:5    | Gained mutation: You are dopey. (Int -2) [an orb of fire]
 68942 | Zot:5    | Noticed a dread lich
 68945 | Zot:5    | Gained mutation: Potions are less effective at restoring
                  | your health. [an orb of fire]
 68946 | Zot:5    | Noticed a dread lich
 68946 | Zot:5    | Gained mutation: You are extremely vulnerable to heat.
                  | (rF---) [an orb of fire]
 68949 | Zot:5    | Gained mutation: You are clumsy. (Dex -2) [an orb of fire]
 68959 | Zot:5    | Gained mutation: Your health recovers twice as slowly from
                  | being drained. [an orb of fire]
 68961 | Zot:5    | Killed an orb of fire
 68969 | Zot:5    | Killed a dread lich
 68970 | Zot:5    | Gained mutation: You occasionally shout uncontrollably at
                  | your foes. [mutagenic glow]
 68972 | Zot:5    | Killed a dread lich
 68998 | Zot:5    | Gained mutation: You do not regenerate when monsters are
                  | visible. [mutagenic glow]
 69369 | Zot:5    | Noticed an orb of fire
 69374 | Zot:5    | Noticed an orb of fire
 69374 | Zot:5    | Noticed an orb of fire
 69377 | Zot:5    | Killed from afar by an orb of fire

Illustrated notes

Levels and vault maps discovered:
D:1:      dpeg_arrival_water_fire, layout_loops_ring,
          hellmonk_ecumenical_altar_arch_garden, minmay_misc_feat_more_columns,
          minmay_misc_feat_x, minmay_tetromino_i4
D:2:      layout_loops_ring, serial_shops, shop, shop, shop, shop, shop
D:3:      layout_loops_corners, marbit_many_paths, grunt_decor_one_mirror,
          uniq_natasha, uniq_crazy_yiuf_cottage
D:4:      layout_cave_pools, mainiacjoe_overflow_concentric_impassable,
          minmay_temple_entry_water_ring, serial_shops, shop, kennysheep_mini,
          nicolae_shop_peninsula, shop, shop
D:5:      minmay_chambers_of_threes, layout_rooms, serial_shops, shop,
          roderic_roman_lattice, uniq_eustachio, uniq_prince_ribbit1
D:6:      layout_basic, uniq_grinder
D:7:      layout_rooms
D:8:      layout_rooms, serial_park_tiny_1, uniq_grum
D:9:      minmay_distorted_concentric_squares, layout_basic, zin_statuary,
          mainiacjoe_overflow_swirl, nrook_loot_triangle, minmay_misc_feat_rows,
          nicolae_doodle_vault, uniq_psyche
D:10:     minmay_ornate_pinched, layout_loops_corners,
          mainiacjoe_overflow_cross_hatched, minivault_7
D:11:     minmay_the_grid_triangle_9x9_recursive_3
          [minmay_the_grid_triangle_9x9_corrupted_corridor,
          minmay_the_grid_triangle_9x9_longest,
          minmay_the_grid_triangle_9x9_sparse_checkered,
          minmay_the_grid_triangle_9x9_prize_special,
          minmay_the_grid_triangle_9x9_zippers_horizontal,
          minmay_the_grid_triangle_9x9_shrine,
          minmay_the_grid_triangle_9x9_cache,
          minmay_the_grid_triangle_9x9_odd_lines,
          minmay_the_grid_triangle_9x9_warning], layout_stronghold
D:12:     layout_gridville, orc_0_dummy, guppyfry_shop_venom
D:13:     layout_rooms, grunt_vaults_entry_fortified, serial_aquarium,
          aquarium_bridge_straight [aquarium_subvault_bridge,
          aquarium_subvault_wall, aquarium_subvault_bridge,
          aquarium_subvault_balcony], aquarium_window_2, aquarium_window_corner,
          aquarium_window_2, aquarium_view_2c, aquarium_pool_corner
D:14:     layout_grid_maze, okawaru_metal_pillars_1_2, minmay_misc_feat_room
D:15:     grunt_enter_depths_hoard, layout_loops_ring, minivault_27, drop_trap
Temple:   nicolae_temple_elliptical
Lair:1:   layout_loops_ring, st_stairs_3, nicolae_lair_grove_arrangements,
          grunt_megastairs_4, uniq_joseph
Lair:2:   layout_loops_ring, elwin_shoals_entry_rocks,
          spider_nest_entry_web_field, st_stairs_10, pond, uniq_erica
Lair:3:   layout_gridlike, gauntlet_entry_generic, infiniplex_staircase_pool_2,
          grunt_megastairs_2, serial_bayou_shore_b, serial_bayou_shore_b
Lair:4:   layout_roguey, grunt_megastairs_5
Lair:5:   hangedman_lair_tendril_chambers, layout_loops_ring,
          dpeg_slime_entry_corner, serial_bayou_pond_c,
          grunt_forest_stairs_basic, serial_bayou_pond_e, st_stairs_7,
          lemuel_fruit_fields
Shoals:1: layout_shoals, nicolae_shop_dragon_depot
Shoals:2: layout_shoals, uniq_ilsuiw
Shoals:3: layout_shoals, portal_ice_cave_entry_pillars_four, uniq_bai_suzhen,
          uniq_jorgrun, uniq_polyphemus
Shoals:4: shoals_end_simple, layout_shoals, serial_shops, nicolae_shop_trees
Spider:1: nicolae_spider_hilbert_zone_1 [nicolae_spider_hilbert_4_sides_1_open,
          nicolae_spider_hilbert_4_sides_1_open,
          nicolae_spider_hilbert_4_sides_1_open,
          nicolae_spider_hilbert_4_sides_1_open,
          nicolae_spider_hilbert_3_sides_1_open,
          nicolae_spider_hilbert_3_sides_1_open,
          nicolae_spider_hilbert_3_sides_1_open,
          nicolae_spider_hilbert_3_sides_1_open,
          nicolae_spider_hilbert_3_sides_1_open,
          nicolae_spider_hilbert_6_sides_1_open,
          nicolae_spider_hilbert_6_sides_1_open,
          nicolae_spider_hilbert_3_sides_1_open,
          nicolae_spider_hilbert_3_sides_1_open,
          nicolae_spider_hilbert_3_sides_1_open,
          nicolae_spider_hilbert_3_sides_1_open,
          nicolae_spider_hilbert_2_sides_1_open], uniq_donald
Spider:2: layout_spider_delve, nicolae_spider_webs_and_nodes
Spider:3: layout_spider_delve
Spider:4: hellmonk_spider_rune_endless_swarm, gammafunk_ghost_necromancy,
          uniq_arachne
Slime:1:  layout_caves
Slime:2:  layout_caves
Slime:3:  layout_caves
Slime:4:  layout_caves
Slime:5:  slime_pit_nicolae_royal_road_to_ruin
Orc:1:    dreamdust_wu_jian_sword_trials, layout_caves, uniq_fannar
Orc:2:    st_orc_open, layout_caves, mines2_david, uniq_sonja, uniq_erolcha,
          uniq_snorg
Elf:1:    eino_elf_arrival_sip, layout_gridlike, serial_shops, shop,
          minmay_elf_annihilation, minivault_20, nicolae_shop_clearance
Elf:2:    nicolae_elf_blades_crystal_corner, layout_loops_cross,
          gammafunk_ghost_tricky_traps, monkooky_shop_alliterative
Elf:3:    elf_hall, layout_loops_ring, serial_shops, shop,
          ebering_ghost_inner_flame
Vaults:1: ontoclasm_vaults_ring_small, v_misc_28, nicolae_vaults_big_ls,
          st_more_cells, nicolae_vaults_closet_pinwheel_6,
          layout_vaults_quadrants, serial_shops, shop, shop, shop
Vaults:2: grunt_vaults_trifunnel, nicolae_vaults_meiosis, vaults_mumra_hexcomb,
          ontoclasm_vaults_decontamination, nicolae_vaults_twisting_passages,
          nicolae_vaults_storage_closets_1, v_misc_22,
          nicolae_vaults_closet_pinwheel_2, nicolae_vaults_tetromino_L_1,
          ontoclasm_vaults_twist, vaults_dpeg_ring, layout_vaults_big_room,
          uniq_sojobo
Vaults:3: nicolae_vaults_what_the_h, v_misc_2, nicolae_vaults_closet_pinwheel_2,
          hangedman_vaults_restitches, hangedman_vaults_corner, v_alt_pattern_4,
          v_alt_pattern_6, nicolae_vaults_little_squares_3,
          ontoclasm_vaults_ring_square, minmay_crypt_entry_necro_gods,
          nicolae_vaults_little_guard_posts,
          nicolae_vaults_trapezoid_lopsided_1, layout_vaults_ring
Vaults:4: nicolae_vaults_swerve, nicolae_vaults_closet_pinwheel_2,
          vaults_room_pools, nicolae_vaults_off_center_swirl,
          nicolae_vaults_trapezoid_4, nicolae_vaults_door_testing_chamber,
          nicolae_vaults_little_squares_3, nicolae_vaults_storage_closets_2,
          vaults_dpeg_encased_lava, grunt_vaults_focal, nicolae_vaults_mitosis,
          dpeg_vaults_monster_box, nicolae_vaults_mini_display_case,
          nicolae_vaults_trapezoid_3, layout_vaults_omnicross, serial_shops,
          nicolae_shop_gibbet_a_chance, uniq_frederick
Vaults:5: serial_shops, uniq_mennas, uniq_boris
Crypt:1:  layout_basic, uniq_margery, uniq_zenata, uniq_vv
Crypt:2:  layout_gridlike, st_stairs_9, hangedman_summoners_spam,
          grunt_megastairs_3, uniq_saint_roka, uniq_xtahua
Crypt:3:  grunt_crypt_end_deaths_head
Tomb:1
Tomb:2
Depths:1: layout_gridlike, serial_shops, shop, abyss_entry, hell_entry,
          nicolae_ru_great_annihilating_truth, infiniplex_staircase_pool_lava,
          serial_bayou_shore_b, minmay_shoptagon, kennysheep_random_hallway
Depths:2: kennysheep_blocky_hall, layout_long_grid, enter_ziggurat_a,
          gammafunk_ghost_split, hell_entry, pan_entry, nrook_campfire,
          minmay_evil_grid, infiniplex_staircase_zigzag_5
Depths:3: grated_community_mu [grated_community_mu_vampire_home,
          grated_community_mu_giant_home, grated_community_mu_spellcaster_home,
          grated_community_mu_orcish_home, grated_community_mu_troll_home,
          grated_community_mu_taur_home, grated_community_mu_unbuilt_plot],
          layout_cave_shapes, pan_entry, serial_shops, shop, abyss_entry,
          hell_entry, lightli_giant_bouncers, firewood_loft
Depths:4: evilmike_zot_entry_argh, layout_basic, grunt_decor_junction,
          grunt_pan_entry_sceptre, hell_entry, nicolae_diode_basic,
          minmay_shop_grove
Hell
Zot:1:    bobbens_index_wilting_gardens, layout_basic,
          regret_index_zotdec_serpentine_scales
Zot:2:    layout_gridlike
Zot:3:    layout_misc_corridors, gammafunk_ghost_arena,
          regret_index_zotdec_silver_v_v_loose
Zot:4:    layout_basic
Zot:5:    layout_misc_corridors

Skill      XL: |  1  2  3  4  5  6  7  8  9 10 11 12 13 14 15 16 17 18 19 20 21 22 23 24 25 26 27 |
---------------+----------------------------------------------------------------------------------+-----
Fighting       | 4 5 6 7 8 9 10 11 12 13 14 15 16 17 18 19 21 22 24 25 27 | 27.0
Shields        | 4 5 6 7 8 9 10 11 12 13 14 15 16 17 18 20 21 23 24 25 27 | 27.0
Armour         | 4 5 6 7 8 10 12 13 15 17 18 20 21 22 24 25 26 27 | 27.0
Axes           | 3 4 5 6 8 10 11 13 15 17 18 19 21 22 23 24 25 26 27 | 27.0
Dodging        | 3 9 12 15 19 24 | 24.1
Stealth        | 3 6 12 17 | 17.9

Action                     |  1- 3 |  4- 6 |  7- 9 | 10-12 | 13-15 | 16-18 | 19-21 | 22-24 | 25-27 || total
---------------------------+-------+-------+-------+-------+-------+-------+-------+-------+-------++-------
  Melee: War axe           |    42 |       |       |       |       |       |       |       |       ||    42
         Headbutt          |     3 |     4 |    23 |    69 |   128 |   176 |   342 |   411 |   617 ||  1773
         Broad axe         |    29 |    67 |   182 |   349 |   670 |   929 |  1243 |  1408 |  1940 ||  6817
         Unarmed           |       |     3 |       |       |       |       |    24 |       |       ||    27
  Evoke: Lightning rod     |       |       |       |       |       |     4 |       |       |       ||     4
         Wand              |       |       |       |       |       |       |       |     1 |     2 ||     3
         Phantom mirror    |       |       |       |       |       |       |       |     2 |       ||     2
    Use: Scroll            |     6 |     1 |     6 |     7 |     9 |     6 |     5 |    19 |    11 ||    70
         Potion            |       |       |     1 |     4 |     1 |     8 |     2 |    28 |    11 ||    55
   Stab: Distracted        |       |       |       |     1 |       |       |       |       |     1 ||     2
         Petrified         |       |       |       |       |     3 |       |       |       |       ||     3
         Invisible         |       |       |       |       |     1 |     6 |     2 |     3 |    10 ||    22
         Paralysed         |       |       |       |       |       |       |     1 |       |       ||     1
 Armour: Plate armour      |    65 |    56 |   176 |   273 |   254 |   422 |   396 |   476 |   495 ||  2613
         Skin              |       |     5 |       |       |       |       |     6 |       |       ||    11
  Dodge: Dodged            |    21 |    34 |    53 |    83 |   123 |   184 |   194 |   302 |   445 ||  1439
         Repelled          |       |       |       |       |     3 |    14 |     5 |    10 |    44 ||    76
  Block: Buckler           |    11 |     9 |    66 |   186 |   499 |   665 |   391 |       |       ||  1827
         Reflection        |       |       |       |     3 |    64 |    47 |   115 |    34 |   100 ||   363
         Tower shield      |       |       |       |       |       |       |   848 |  1867 |  2352 ||  5067
         Other             |       |       |       |       |       |       |     2 |       |       ||     2

Table legend: (Time is in decaauts)
 A = Elapsed time spent in this place.
 B = Non-inter-level travel time spent in this place.
 C = Inter-level travel time spent in this place.
 D = Time resting spent in this place.
 E = Time spent auto-exploring this place.
 F = Levels seen in this place.
 G = Mean time per level.
                   A        B        C        D        E       F      G
               +--------+--------+--------+--------+--------+-----+--------+
         Total |  69983 |  61836 |   8147 |   9838 |  38112 |  65 | 1076.7 |
       Dungeon |  17739 |  14184 |   3555 |    825 |  11116 |  15 | 1182.6 |
        Temple |     71 |      3 |     68 |      0 |      0 |   1 |   71.0 |
          Lair |   4552 |   3723 |    829 |     18 |   3062 |   5 |  910.4 |
        Shoals |   3767 |   3531 |    236 |    214 |   2617 |   4 |  941.8 |
   Spider Nest |   4213 |   3908 |    305 |      0 |   3193 |   4 | 1053.2 |
    Slime Pits |   2537 |   2355 |    182 |    235 |   1332 |   5 |  507.4 |
  Orcish Mines |   1193 |   1113 |     80 |    541 |    428 |   2 |  596.5 |
   Elven Halls |   4613 |   4127 |    486 |   1280 |   1817 |   3 | 1537.7 |
        Vaults |   7497 |   6664 |    833 |    345 |   4823 |   5 | 1499.4 |
         Crypt |   4390 |   4101 |    289 |   1690 |   1668 |   3 | 1463.3 |
          Tomb |   3518 |   3340 |    178 |   2503 |    498 |   2 | 1759.0 |
        Depths |   6707 |   5740 |    967 |   1132 |   2966 |   4 | 1676.8 |
          Hell |    671 |    633 |     38 |      0 |    323 |   1 |  671.0 |
           Zot |   5400 |   5305 |     95 |    948 |   3281 |   5 | 1080.0 |
         Abyss |   2309 |   2309 |      0 |    105 |    795 |   4 |  577.2 |
      Ice Cave |    388 |    388 |      0 |      0 |    191 |   1 |  388.0 |
      Gauntlet |    410 |    410 |      0 |      0 |      0 |   1 |  410.0 |
               +--------+--------+--------+--------+--------+-----+--------+

Top non-repeatable levels by time:
  Tomb:1: 3461 daAuts
 Crypt:3: 2508 daAuts
Depths:1: 2134 daAuts
    D:11: 2127 daAuts
Vaults:2: 1926 daAuts
   Elf:1: 1649 daAuts
Depths:3: 1629 daAuts
   Zot:1: 1599 daAuts
     D:9: 1593 daAuts
Depths:4: 1566 daAuts
Vaults:1: 1513 daAuts
Spider:1: 1512 daAuts
    D:15: 1508 daAuts
   Elf:3: 1497 daAuts
    D:10: 1479 daAuts
